 Dungeon Sprint DCSS version 0.28.0-43-g3370ac3207 (webtiles) character file.

Game seed: 14932508669790292426

16529 boopmooplesden the Executioner (level 12, -3/134 HPs)
             Began as a Minotaur Berserker on Mar 13, 2022.
             Was the Champion of Trog.
             Succumbed to something's poison gas
             ... in the Dungeon (Sprint III: "The Ten Rune Challenge").
             The game lasted 00:07:15 (3672 turns).

boopmooplesden the Executioner (Minotaur Berserker) Turns: 3672, Time: 00:07:16

Health: -3/134     AC: 19    Str: 25    XL:     12   Next: 10%
Magic:  11/11      EV: 12    Int:  4    God:    Trog [******]
Gold:   2605       SH:  0    Dex: 14    Spells: 11/11 levels left

rFire   . . .      SeeInvis .   u - +8 battleaxe of Trog's Envy {vorpal, rElec}
rCold   . . .      Faith    .   (shield currently unavailable)
rNeg    . . .      Spirit   .   s - +0 plate armour
rPois   .          Reflect  .   x - +1 hat
rElec   +          Harm     .   o - +0 cloak
rCorr   .          Rampage  .   (no gloves)
Will    .....      NoTele   +   (no boots)
Stlth   ..........              (no amulet)
HPRegen 0.32/turn               (no ring)
MPRegen 0.12/turn               (no ring)

@: lethally poisoned (-3 -> -18), on berserk cooldown, slowed, very slow
A: horns 2, retaliatory headbutt, agile 1, screaming 1, wild magic 1, MP-powered
wands
a: Renounce Religion, Berserk, Trog's Hand, Brothers in Arms


You were in the Dungeon.
You worshipped Trog.
Trog was exalted by your worship.
You visited 1 branch You collected 2605 gold pieces.

Inventory:

Hand Weapons
 a - a +0 hand axe
 m - a +1 long sword of holy wrath
 q - a +2 antimagic halberd
 r - a +9 vorpal executioner's axe
 t - a +3 battleaxe of flaming
 u - the +8 battleaxe of Trog's Envy (weapon) {vorpal, rElec}
   (Trog gifted it to you in the Dungeon)

   It inflicts extra damage upon your enemies.
   rElec:     It insulates you from electricity.
 v - the +8 broad axe of Discord {flame, rC+ rN++}
   (Trog gifted it to you in the Dungeon)

   It burns those it strikes, dealing additional fire damage.
   Big, fiery blades are also staple armaments of hydra-hunters.
   rC:        It protects you from cold.
   rN:        It greatly protects you from negative energy.
 w - a +7 battleaxe of flaming
Armour
 b - a +0 animal skin
 o - a +0 cloak (worn)
 s - a +0 plate armour (worn)
 x - a +1 hat (worn)
Scrolls
 h - a scroll of blinking
 i - 3 scrolls of identify {unknown}
 l - 2 scrolls of torment {unknown}
Potions
 d - 2 potions of heal wounds
 e - a potion of haste
 f - 2 potions of magic
 g - a potion of berserk rage
 j - a potion of might
 k - 2 potions of attraction {unknown}
 n - 2 potions of flight
 z - a potion of cancellation {unknown}
 A - a potion of invisibility {unknown}
Miscellaneous
 p - a condenser vane


   Skills:
 + Level 20.9 Fighting
 + Level 23.4 Axes
 + Level 14.6 Armour
 + Level 11.1 Dodging
 + Level 3.5 Stealth
 + Level 0.7 Evocations


You had 11 spell levels left.
You didn't know any spells.
Your spell library was empty.

Dungeon Overview and Level Annotations

Branches:
Dungeon (1/1)

Altars:
Cheibriados
Dithmenos
Elyvilon
Fedhas
Gozag
Hepliaklqana
Kikubaaqudgha
Makhleb
Nemelex Xobeh
Okawaru
Qazlal
Ru
Sif Muna
Trog
Uskayaw
Vehumet
Wu Jian
Xom
Yredelemnul
Zin
The Shining One
Beogh
Jiyva
Lugonu

Shops:
D (


Innate Abilities, Weirdness & Mutations

You have a pair of horns on your head.
You reflexively headbutt those who attack you in melee.
You are agile. (Dex +2)
You occasionally shout uncontrollably at your foes.
Your spells are a little harder to cast, but a little more powerful.
You expend magic power (3 MP) to strengthen your wands.


Message History

You feel yourself slow down.
You feel extremely sick.
You feel extremely sick. The swamp drake breathes poison at you.
The noxious blast engulfs you but does no damage.
You are more poisoned.
There is an open door to the Swamp here.
You are engulfed in noxious fumes.
You choke on the stench!
You are confused.
* * * LOW HITPOINT WARNING * * *
You feel extremely sick.
You are too confused!
You are too confused!
You bump into the rock wall.
You feel less confused.
* * * LOW HITPOINT WARNING * * *
You feel extremely sick.
You slice the swamp drake!!
You kill the swamp drake!
Trog accepts your kill. Trog grants you a weapon!
Something appears at your feet!
You see here a +3 battleaxe.
You slice the plant!!
The plant begins to die.
* * * LOW HITPOINT WARNING * * *
You feel very sick.
You feel better.
The swamp dragon breathes poison at you.
The blast of poison engulfs you.
You are poisoned.
* * * LOW HITPOINT WARNING * * *
You hear a roar!
You close the door.
You are engulfed in poison gas.
You are more poisoned.
* * * LOW HITPOINT WARNING * * *
x2 You feel extremely sick.
A nearby plant withers and dies.
You feel better.
You are engulfed in poison gas.
You are poisoned.
* * * LOW HITPOINT WARNING * * *
You die...

▓...#≈.≈§§§≈≈≈♣♣♣♣♣♣♣#..♣
▓..(#≈≈≈≈.≈≈≈≈♣ ###+
▓##'####'#######♣
▓........)......♣♣
▓#+#############÷♣
.JJ#≈......†÷)..♣
▓..J+≈≈...########♣♣
▓..J#≈≈≈.......○☼°P♣
▓...#≈≈≈≈...P.○°@○P♣
#+#############+#### #D♣♣
#♣.♣ ♣k♣♣ ♣♣D♣ ♣○♣♣ ♣k ♣D


There were no monsters in sight!

Vanquished Creatures
  Rupert (D)
  Gastronok (D)
  2 dire elephants (D)
  Snorg (D)
  A centaur warrior (D)
  4 death yaks (D)
  A swamp dragon (D)
  A deep elf pyromancer (D)
  An orc sorcerer (D)
  2 elephants (D)
  2 black mambas (D)
  2 cane toads (D)
  A rime drake (D)
  2 unseen horrors (D)
  A komodo dragon (D)
  A queen bee (D)
  8 blink frogs (D)
  A shadow (D)
  3 wandering mushrooms (D)
  A spatial vortex (D)
  2 swamp drakes (D)
  An orc warrior (D)
  A necrophage (D)
  2 centaurs (D)
  An earth elemental (D)
  A water elemental (D)
  32 killer bees (D)
  A jelly (D)
  3 orc priests (D)
  Jessica (D)
  A wizard (D)
  An orc wizard (D)
  A necromancer (D)
  A kobold demonologist (D)
  3 humans (D)
  A phantom (D)
  11 orcs (D)
  2 rats (D)
103 creatures vanquished.

Vanquished Creatures (others)
  An orc (D)
  7 plants (D)
8 creatures vanquished.

Grand Total: 111 creatures vanquished

Notes
Turn   | Place    | Note
-------+----------+-------------------------------------------
     0 | D        | boopmooplesden the Minotaur Berserker began the quest for
                  | the Orb.
     0 | D        | Reached XP level 1. HP: 19/19 MP: 0/0
    13 | D        | Reached skill level 4 in Axes
    26 | D        | Noticed Jessica
    31 | D        | Killed Jessica
    31 | D        | Reached ** piety under Trog
    32 | D        | Reached skill level 5 in Fighting
    32 | D        | Reached skill level 5 in Axes
    32 | D        | Reached XP level 2. HP: 30/30 MP: 1/1
   147 | D        | Reached XP level 3. HP: 37/37 MP: 2/2
   149 | D        | Reached skill level 6 in Axes
   166 | D        | Gained mutation: You are clumsy. (Dex -2) [potion of
                  | mutation]
   167 | D        | Lost mutation: You are clumsy. (Dex -2) [potion of
                  | mutation]
   167 | D        | Gained mutation: You are somewhat resistant to further
                  | mutation. [potion of mutation]
   167 | D        | Gained mutation: You tend to lose your temper in combat.
                  | [potion of mutation]
   168 | D        | Lost mutation: You are somewhat resistant to further
                  | mutation. [potion of mutation]
   168 | D        | Lost mutation: You tend to lose your temper in combat.
                  | [potion of mutation]
   168 | D        | Gained mutation: Armour fits poorly on your strangely
                  | shaped body. [potion of mutation]
   168 | D        | Gained mutation: Your spells are a little harder to cast,
                  | but a little more powerful. [potion of mutation]
   169 | D        | Lost mutation: Your spells are a little harder to cast, but
                  | a little more powerful. [potion of mutation]
   169 | D        | Lost mutation: Armour fits poorly on your strangely shaped
                  | body. [potion of mutation]
   169 | D        | Gained mutation: Your spells are a little easier to cast,
                  | but a little less powerful. [potion of mutation]
   170 | D        | Lost mutation: Your spells are a little easier to cast, but
                  | a little less powerful. [potion of mutation]
   170 | D        | Gained mutation: You are robust. (+10% HP) [potion of
                  | mutation]
   170 | D        | Gained mutation: You have hidden genetic potential. [potion
                  | of mutation]
   170 | D        | Gained mutation: You are partially covered in iridescent
                  | scales. (AC +2) [potion of mutation]
   170 | D        | Gained mutation: Your spells are a little harder to cast,
                  | but a little more powerful. [potion of mutation]
   171 | D        | Lost mutation: You have hidden genetic potential. [potion
                  | of mutation]
   171 | D        | Lost mutation: You are partially covered in iridescent
                  | scales. (AC +2) [potion of mutation]
   171 | D        | Lost mutation: You are robust. (+10% HP) [potion of
                  | mutation]
   171 | D        | Gained mutation: You occasionally shout uncontrollably at
                  | your foes. [potion of mutation]
   171 | D        | Gained mutation: You expend magic power (3 MP) to
                  | strengthen your wands. [potion of mutation]
   171 | D        | Gained mutation: You are agile. (Dex +2) [potion of
                  | mutation]
   226 | D        | Noticed a water elemental
   234 | D        | Killed a water elemental
   235 | D        | Reached skill level 7 in Axes
   235 | D        | Reached XP level 4. HP: 38/48 MP: 3/3
   470 | D        | Found a radiant altar of Vehumet.
   470 | D        | Found a shimmering blue altar of Sif Muna.
   470 | D        | Found an ancient bone altar of Kikubaaqudgha.
   470 | D        | Noticed a wizard
   473 | D        | Killed a wizard
   473 | D        | Reached *** piety under Trog
   474 | D        | Reached skill level 8 in Axes
   478 | D        | Reached XP level 5. HP: 56/56 MP: 4/4
   523 | D        | Found a glowing silver altar of Zin.
   523 | D        | Found a glowing golden altar of the Shining One.
   523 | D        | Found a white marble altar of Elyvilon.
   525 | D        | Noticed a deep elf pyromancer
   526 | D        | Noticed a fire elemental
   526 | D        | Noticed a fire elemental
   532 | D        | Killed a deep elf pyromancer
   532 | D        | Reached **** piety under Trog
   533 | D        | Reached skill level 12 in Axes
   533 | D        | Reached skill level 5 in Armour
   533 | D        | Reached XP level 6. HP: 41/69 MP: 5/5
   533 | D        | Reached XP level 7. HP: 45/75 MP: 6/6
   725 | D        | Found a hide-covered altar of Uskayaw.
   725 | D        | Found an iron altar of Okawaru.
   725 | D        | Found a bloodstained altar of Trog.
   725 | D        | Found an ornate altar of the Wu Jian Council.
   725 | D        | Noticed a human
   725 | D        | Noticed a human
   733 | D        | Killed a human
   735 | D        | Killed a human
   736 | D        | Reached skill level 13 in Axes
   758 | D        | Found a basalt altar of Yredelemnul.
   758 | D        | Found a shadowy altar of Dithmenos.
   758 | D        | Found a sacrificial altar of Ru.
   949 | D        | Noticed a shadow
   955 | D        | Reached ***** piety under Trog
   956 | D        | Killed a shadow
   957 | D        | Reached skill level 14 in Axes
   957 | D        | Reached XP level 8. HP: 53/86 MP: 7/7
   962 | D        | Found a blossoming altar of Fedhas.
   962 | D        | Found a stormy altar of Qazlal.
   962 | D        | Found a snail-covered altar of Cheibriados.
   962 | D        | Found a burning altar of Makhleb.
   962 | D        | Found a shimmering altar of Xom.
   963 | D        | Found a hazy altar of Hepliaklqana.
   963 | D        | Found an opulent altar of Gozag.
   963 | D        | Found a sparkling altar of Nemelex Xobeh.
   963 | D        | Found a corrupted altar of Lugonu.
   963 | D        | Found a viscous altar of Jiyva.
  1233 | D        | Received a gift from Trog
  1319 | D        | Noticed Snorg
  1327 | D        | Killed Snorg
  1328 | D        | Reached skill level 15 in Axes
  1328 | D        | Reached skill level 1 in Stealth
  1497 | D        | Received a gift from Trog
  1498 | D        | Reached XP level 9. HP: 96/96 MP: 8/8
  1502 | D        | Reached skill level 15 in Fighting
  1504 | D        | Reached ****** piety under Trog
  1513 | D        | Noticed an orc sorcerer
  1522 | D        | Killed an orc sorcerer
  1523 | D        | Reached skill level 16 in Axes
  1528 | D        | Found Xerog's Weapon Emporium.
  1623 | D        | Noticed a centaur warrior
  1626 | D        | Received a gift from Trog
  1628 | D        | Killed a centaur warrior
  1629 | D        | Reached skill level 17 in Axes
  1631 | D        | Reached skill level 10 in Dodging
  1979 | D        | Killed an unseen horror
  2227 | D        | Identified the +8 battleaxe of Trog's Envy {vorpal, rElec}
                  | (Trog gifted it to you in the Dungeon)
  2227 | D        | Received a gift from Trog
  2228 | D        | Reached skill level 18 in Axes
  2228 | D        | Killed an unseen horror
  2229 | D        | Reached XP level 10. HP: 72/108 MP: 9/9
  2489 | D        | Received a gift from Trog
  2502 | D        | Identified the +8 broad axe of Discord {flame, rC+ rN++}
                  | (Trog gifted it to you in the Dungeon)
  2502 | D        | Received a gift from Trog
  2524 | D        | Received a gift from Trog
  2538 | D        | Reached skill level 19 in Axes
  2539 | D        | Received a gift from Trog
  2769 | D        | Reached skill level 10 in Armour
  2875 | D        | Noticed a cane toad
  2875 | D        | Noticed a cane toad
  2878 | D        | Killed a cane toad
  2879 | D        | Killed a cane toad
  3002 | D        | Received a gift from Trog
  3003 | D        | Reached skill level 20 in Axes
  3023 | D        | Reached XP level 11. HP: 104/121 MP: 10/10
  3043 | D        | Noticed a dire elephant
  3045 | D        | Noticed a dire elephant
  3045 | D        | Noticed Gastronok
  3049 | D        | Killed a dire elephant
  3050 | D        | Reached skill level 21 in Axes
  3058 | D        | Killed a dire elephant
  3058 | D        | Received a gift from Trog
  3063 | D        | Killed Gastronok
  3354 | D        | Noticed an azure jelly
  3354 | D        | Noticed an azure jelly
  3354 | D        | Noticed an azure jelly
  3355 | D        | Noticed an azure jelly
  3357 | D        | Noticed Rupert
  3368 | D        | Killed Rupert
  3369 | D        | Reached skill level 22 in Axes
  3411 | D        | Noticed a death yak
  3411 | D        | Noticed a death yak
  3413 | D        | Noticed a death yak
  3414 | D        | Noticed a death yak
  3420 | D        | Killed a death yak
  3425 | D        | Killed a death yak
  3430 | D        | Killed a death yak
  3430 | D        | Received a gift from Trog
  3433 | D        | Killed a death yak
  3434 | D        | Reached skill level 23 in Axes
  3448 | D        | Reached XP level 12. HP: 123/134 MP: 11/11
  3669 | D        | Received a gift from Trog
  3672 | D        | HP: 2/134 [something] (14)]
  3672 | D        | Succumbed to something's poison gas

Illustrated notes

Levels and vault maps discovered:
D:        dungeon_sprint_mu [sprint_mu_entry_cave, sprint_mu_temple_rooms,
          sprint_mu_d1_horrors, sprint_mu_d2_genie, sprint_mu_d3_branching,
          sprint_mu_orc_legion, sprint_mu_elf_gauntlet, sprint_mu_hive_nellie,
          sprint_mu_lair_fedhas, sprint_mu_vaults_butterflies,
          sprint_mu_slime_circle, sprint_mu_swamp_cave, sprint_mu_snake_twists,
          sprint_mu_blade_basic, sprint_mu_crypt_chambers,
          sprint_mu_tomb_spiral, sprint_mu_vestibule_basic,
          sprint_mu_gehenna_hellfire, sprint_mu_dis_giant,
          sprint_mu_tartarus_statrot, sprint_mu_cocytus_islands, sprint_mu_zot1]

Skill      XL: |  1  2  3  4  5  6  7  8  9 10 11 |
---------------+----------------------------------+-----
Fighting       | 5 7 8 11 13 14 16 18 20 | 20.9
Axes           | 5 7 8 12 14 15 18 20 23 | 23.4
Armour         | 3 4 5 6 7 8 11 14 | 14.6
Dodging        | 3 4 6 7 8 10 11 | 11.1
Stealth        | 1 2 3 |  3.5
Evocations     | |  0.7

Action                   |  1- 3 |  4- 6 |  7- 9 | 10-12 || total
-------------------------+-------+-------+-------+-------++-------
Melee: Hand axe          |    15 |    12 |    41 |       ||    68
       Headbutt          |     5 |     2 |    12 |    25 ||    44
       Punch             |       |       |     3 |       ||     3
       Executioner's axe |       |       |    34 |    10 ||    44
       Battleaxe         |       |       |       |   127 ||   127
Invok: Berserk           |     3 |     2 |     4 |     5 ||    14
Evoke: Condenser vane    |       |       |     1 |       ||     1
  Use: Potion            |     6 |       |       |     2 ||     8
 Stab: Distracted        |       |       |       |     1 ||     1
Armor: Animal skin       |       |     1 |     2 |       ||     3
       Plate armour      |       |       |    43 |    46 ||    89
Dodge: Dodged            |     5 |     4 |    42 |    89 ||   140
